Map: Emerald City LE

Players

ElGales

  • Race: Terran Terran
  • League: Silver
  • Spawn Location: 5:00

RICKY

  • Race: Protoss Protoss
  • Spawn Location: 5:00

Alebay - Winner!

  • Race: Protoss Protoss
  • Spawn Location: 11:00

MattBarry - Winner!

  • Race: Zerg Zerg
  • League: Gold
  • Spawn Location: 11:00

VOD

Have the link to the VOD?

Description

Time

  • Played on: Feb. 14, 2023, 9:56 p.m.
  • Length: 11:55
Show
View Real Time Build Order
Export as new Build Order

ElGales Terran 

Build Orders: 2 Factory 

Get SALT Encoding   

  12  1:08  SCV  
  13  1:15  Supply Depot  
  13  1:19  Refinery  
  13  1:20  SCV  
  13  1:23  Refinery  
  14  1:32  SCV  
  15  1:41  Barracks  
  15  1:45  SCV  
  16  1:57  SCV  
  17  2:09  SCV  
  18  2:21  SCV  
  19  2:30  Factory  
  19  2:32  Barracks Reactor  
  19  2:39  Orbital Command  
  19  2:52  Command Center  
  19  3:18  Factory  
  19  3:22  SCV  
  20  3:30  Armory  
  20  3:34  SCV  
  20  3:40  Widow Mine  
  23  3:49  Supply Depot  
  23  4:03  Factory Tech Lab  
  23  4:04  Widow Mine, SCV  
  23  4:07  Factory  
  26  4:11  Supply Depot  
  26  4:16  SCV  
  27  4:18  Armory  
  27  4:24  Marine  
  27  4:30  Cyclone  
  31  4:35  Widow Mine x2  
  35  4:42  Marine  
  36  4:50  SCV  
  37  4:52  Factory  
  37  5:02  SCV  
  38  5:07  Mag-Field Accelerator  
  38  5:10  Factory Tech Lab  
  38  5:16  Orbital Command  
  38  5:19  SCV  
  39  5:31  SCV  
  40  6:10  Widow Mine x2  
  42  6:12  Drilling Claws  
  42  6:15  Factory Tech Lab  
  38  6:20  Terran Vehicle Weapons Level 1  
  38  6:23  SCV x2  
  40  6:32  Widow Mine x2  
  44  6:35  SCV  
  44  6:36  SCV  
  46  6:48  SCV x2  
  46  6:52  Command Center  
  46  6:53  Widow Mine x2  
  52  6:56  Refinery  
  52  7:00  SCV x2  
  54  7:49  Widow Mine  
  54  7:50  Widow Mine  
  54  8:00  Supply Depot  
  54  8:04  SCV x2, Siege Tank x3  
  65  8:07  Refinery  
  65  8:08  Terran Vehicle And Ship Armor Level 1  
  61  8:16  SCV x2  
  61  8:19  Hellion x2  
  67  8:23  Supply Depot  
  67  8:28  SCV x2  
  69  8:36  Siege Tank x2  
  69  8:40  SCV, Hellion x2  
  80  8:47  Supply Depot  
  70  9:02  Hellion x2  
  74  9:04  Orbital Command  
  74  9:07  Refinery  
  74  9:10  Supply Depot  
  74  9:23  Terran Vehicle Weapons Level 2  
  74  9:45  Infernal Pre-Igniter  
  74  9:46  Smart Servos  
  47  10:31  Thor x3  
  47  10:34  Hellion x2  
  69  10:43  SCV  
  69  10:47  Refinery  
  70  10:55  SCV, Hellion x2  
  75  10:59  Factory  
  74  11:07  SCV  
  70  11:16  Hellion  
  70  11:17  Hellion  
  64  11:19  SCV  
  63  11:31  SCV  
  21  11:48  Factory Tech Lab  
Show
View Real Time Build Order
Export as new Build Order

RICKY Protoss 

Build Orders:  

Get SALT Encoding   

  12  0:03  Probe  
  13  0:18  Pylon  
  13  0:19  Probe  
  14  0:32  Assimilator  
  14  0:33  Probe  
  15  0:41  Gateway  
  15  0:45  Probe (Chrono Boost)  
  16  0:55  Probe (Chrono Boost)  
  17  1:00  Probe (Chrono Boost)  
  18  1:06  Assimilator  
  18  1:11  Probe (Chrono Boost)  
  19  1:23  Probe (Chrono Boost)  
  20  1:27  Probe (Chrono Boost)  
  20  1:31  Gateway  
  21  1:36  Cybernetics Core  
  21  1:41  Assimilator  
  21  1:45  Probe  
  22  1:57  Probe  
  23  2:06  Pylon  
  23  2:08  Warp Gate (Chrono Boost)  
  23  2:14  Pylon  
  23  2:26  Stalker x2  
  27  2:49  Pylon  
  27  2:56  Stalker x2  
  31  3:08  Gateway  
  31  3:12  Robotics Facility  
  31  3:38  Pylon  
  31  3:49  Stalker x2  
  35  3:59  Immortal (Chrono Boost)  
  39  4:17  Stalker x3  
  45  4:29  Immortal (Chrono Boost)  
  49  4:41  Stalker x2  
  53  4:53  Stalker  
  33  5:25  Immortal (Chrono Boost)  
  37  5:30  Stalker x2  
  41  5:35  Stalker  
  38  6:19  Stalker x3  
  38  6:24  Observer  
  45  6:42  Nexus  
  45  6:43  Pylon  
  45  6:46  Pylon  
  45  7:08  Warp Prism  
  47  7:16  Observer  
  47  7:20  Stalker x3  
  53  7:26  Probe  
  54  7:38  Probe  
  55  7:50  Probe  
  56  8:04  Twilight Council  
  56  8:07  Forge  
  56  8:08  Probe (Chrono Boost)  
  56  8:11  Forge, Probe (Chrono Boost)  
  59  8:20  Probe (Chrono Boost)  
  59  8:22  Probe (Chrono Boost)  
  59  8:25  Probe (Chrono Boost)  
  59  8:27  Probe (Chrono Boost)  
  61  8:34  Probe  
  62  8:37  Probe  
  64  8:46  Probe  
  65  8:49  Probe  
  66  8:59  Charge (Chrono Boost)  
  66  9:00  Protoss Ground Weapons Level 1 (Chrono Boost), Protoss Ground Armor Level 1 (Chrono Boost)  
  66  9:08  Probe x2  
  68  9:11  Assimilator  
  68  9:16  Assimilator  
  68  9:20  Probe x2  
  70  9:26  Sentry x2  
  74  9:32  Probe x2  
  76  9:44  Probe x2  
  78  9:56  Pylon  
  78  10:00  Pylon  
  78  10:04  Pylon  
  78  10:18  Probe x2  
  46  10:40  Zealot  
  46  10:41  Zealot  
  50  10:46  Gateway  
  50  10:47  Gateway  
  50  10:49  Gateway  
  50  10:51  Gateway  
  50  10:54  Gateway  
  50  11:05  Gateway  
  36  11:13  Zealot  
  36  11:14  Zealot  
  25  11:34  Pylon  
  25  11:35  Zealot  
  25  11:36  Zealot, Pylon  
  25  11:37  Pylon  
  29  11:42  Zealot x2  
  29  11:44  Zealot  
Show
View Real Time Build Order
Export as new Build Order

Alebay Protoss - Winner!

Build Orders:  

Get SALT Encoding   

  12  0:00  Probe  
  13  0:12  Probe  
  14  0:18  Pylon  
  14  0:24  Probe  
  15  0:36  Probe  
  15  0:38  Gateway  
  16  0:45  Assimilator  
  16  0:48  Probe  
  17  1:01  Probe  
  18  1:13  Probe  
  19  1:25  Cybernetics Core, Probe  
  20  1:26  Zealot  
  22  1:37  Probe  
  23  1:44  Pylon  
  23  1:52  Nexus  
  23  1:57  Warp Gate (Chrono Boost)  
  23  2:02  Probe  
  23  2:06  Adept  
  26  2:14  Probe  
  27  2:27  Probe  
  28  2:35  Assimilator  
  28  2:37  Stalker  
  28  2:40  Probe  
  31  2:51  Gateway  
  31  2:53  Pylon  
  31  3:04  Probe (Chrono Boost)  
  31  3:05  Probe (Chrono Boost)  
  33  3:17  Probe (Chrono Boost)  
  33  3:18  Probe (Chrono Boost)  
  35  3:28  Probe x2  
  35  3:30  Gateway  
  35  3:31  Gateway  
  37  3:39  Stalker  
  39  3:47  Stalker  
  41  3:52  Probe x2  
  41  3:55  Pylon  
  43  3:59  Twilight Council  
  43  4:04  Probe x2  
  43  4:06  Stalker  
  47  4:16  Probe x2  
  49  4:19  Stalker  
  51  4:24  Pylon  
  51  4:27  Assimilator  
  51  4:32  Stalker  
  51  4:33  Stalker x2  
  51  4:38  Pylon  
  57  4:40  Probe x2  
  59  4:46  Pylon, Blink (Chrono Boost)  
  57  5:03  Stalker x2  
  47  5:25  Probe x2  
  49  5:30  Assimilator  
  49  5:31  Stalker x3  
  55  5:37  Probe x2  
  57  5:47  Shield Battery  
  53  6:01  Stalker x2  
  53  6:02  Stalker x2  
  51  6:15  Probe x2  
  53  6:29  Gateway  
  53  6:32  Pylon x2, Stalker x4  
  59  6:37  Gateway  
  59  6:39  Gateway  
  61  6:59  Stalker x4  
  69  7:13  Forge  
  69  7:18  Forge  
  69  7:24  Stalker x5  
  75  7:51  Stalker x5  
  77  7:52  Stalker x2  
  77  7:55  Probe x2  
  77  7:56  Protoss Ground Weapons Level 1 (Chrono Boost)  
  77  7:57  Protoss Ground Armor Level 1 (Chrono Boost)  
  91  8:05  Pylon x2  
  91  8:25  Nexus  
  91  8:26  Pylon  
  91  8:28  Pylon  
  91  8:58  Probe  
  91  8:59  Probe  
  91  9:00  Stalker  
  91  9:01  Stalker x6  
  107  9:22  Shield Battery x2  
  107  9:25  Photon Cannon  
  107  9:26  Photon Cannon  
  107  9:27  Photon Cannon  
  107  9:55  Probe x3  
  110  10:07  Probe x3  
  110  10:09  Shield Battery  
  110  10:10  Stalker x7  
  110  10:11  Shield Battery  
  103  10:37  Stalker x2  
  103  10:38  Stalker x5  
Show
View Real Time Build Order
Export as new Build Order

MattBarry Zerg - Winner!

Build Orders: Hatch First 

Get SALT Encoding   

  12  0:00  Drone  
  13  0:17  Overlord  
  13  0:24  Drone  
  14  0:37  Drone x2  
  16  0:47  Drone  
  17  1:00  Hatchery  
  17  1:02  Drone x2  
  18  1:17  Extractor  
  17  1:20  Spawning Pool  
  17  1:22  Drone  
  17  1:48  Drone x2  
  19  2:05  Evolution Chamber  
  18  2:10  Queen, Drone  
  18  2:13  Queen  
  18  2:15  Overlord  
  23  2:19  Drone x2  
  25  2:24  Baneling Nest  
  25  2:28  Drone  
  25  2:37  Drone  
  25  2:38  Zergling x2  
  25  2:39  Zergling x2  
  25  2:43  Zergling x2  
  29  3:02  Spore Crawler  
  29  3:04  Spore Crawler  
  27  3:06  Spore Crawler x2  
  27  3:10  Drone x2  
  26  3:21  Zergling x2  
  26  3:22  Zergling x8  
  31  3:33  Zerg Melee Weapons Level 1  
  31  3:40  Drone x2  
  31  3:41  Drone  
  34  3:48  Queen  
  36  3:54  Overlord  
  36  4:13  Drone  
  36  4:14  Drone x7  
  44  4:41  Metabolic Boost  
  43  4:46  Queen  
  43  4:59  Overlord  
  43  5:11  Zergling x4  
  42  5:20  Zergling x6  
  44  5:25  Overlord x2  
  44  5:26  Overlord x2  
  44  5:35  Extractor  
  43  5:38  Lair  
  43  5:42  Zergling x2  
  44  5:45  Zergling x4  
  44  5:46  Zergling x8  
  45  6:08  Zergling x4  
  47  6:21  Spine Crawler  
  47  6:22  Overlord x2  
  47  6:23  Drone  
  47  6:24  Drone x3  
  50  6:39  Centrifugal Hooks  
  50  6:43  Zerg Melee Weapons Level 2  
  50  6:45  Zergling x2  
  50  6:46  Zergling x8  
  55  6:56  Queen  
  57  7:09  Drone x4  
  57  7:10  Drone x3  
  64  7:17  Extractor x2  
  64  7:19  Drone  
  64  7:20  Hatchery  
  62  7:24  Evolution Chamber  
  62  7:26  Hatchery  
  60  7:33  Drone x2  
  62  7:46  Overseer  
  61  8:08  Drone  
  61  8:12  Spire  
  61  8:16  Zerg Ground Armor Level 1  
  61  8:18  Zergling x4  
  61  8:19  Drone x4  
  67  8:21  Baneling x4  
  67  8:22  Baneling x8  
  67  8:23  Baneling x2  
  67  8:37  Drone x2  
  68  8:52  Pneumatized Carapace  
  68  9:02  Roach Warren  
  68  9:03  Hydralisk Den  
  68  9:07  Infestation Pit  
  65  9:12  Queen  
  68  9:24  Drone x3  
  68  9:26  Drone x8  
  68  9:27  Drone x5  
  68  9:28  Overlord x5  
  83  9:43  Mutalisk  
  83  9:44  Mutalisk  
  87  9:55  Extractor  
  87  9:56  Hydralisk  
  87  9:57  Hydralisk x3, Extractor  
  93  10:12  Hydralisk x2  
  93  10:13  Roach  
  99  10:15  Roach, Zergling x4, Hatchery  
  102  10:22  Hatchery  
  102  10:25  Zergling x20  
  102  10:26  Zergling x8  
  104  10:38  Mutalisk  
  106  10:44  Drone  
  106  10:45  Drone x7  
  114  10:59  Drone  
  114  11:00  Drone x2  
Tags
 
Add a new tag
Caveats
  • Supply blocks, unpowered buildings, or Contaminate may cause inaccurate times.
  • Supply counts are checked every 10 seconds.